 Dungeon Crawl Stone Soup version 0.30.1 (webtiles) character file.

Game seed: 13341121028455113678

347 safid the Chiller (level 6, -3/48 HPs)
             Began as a Merfolk Ice Elementalist on July 10, 2023.
             Was an Initiate of Sif Muna.
             Slain by a white imp (6 damage)
             ... on level 4 of the Dungeon.
             The game lasted 00:05:21 (3892 turns).

safid the Chiller (Merfolk Ice Elementalist)        Turns: 3892, Time: 00:05:22

Health: -3/48      AC:  4    Str:  9    XL:     6   Next: 59%
Magic:  3/11       EV: 12    Int: 16    God:    Sif Muna [......]
Gold:   87         SH:  0    Dex: 14    Spells: 5/12 levels left

rFire   . . .        f - +0 dagger
rCold   x . .        (no shield)
rNeg    . . .        a - +0 robe
rPois   .            s - +0 helmet
rElec   .            (no cloak)
rCorr   .            g - +0 pair of gloves
SInv    .            (no boots)
Will    .....        (no amulet)
Stlth   ++           (no ring)
HPRegen 0.28/turn    (no ring)
MPRegen 0.12/turn

%: no passive effects
@: brilliant
A: (nimble swimmer 2), mertail, cold vulnerability 1
a: Renounce Religion


You were on level 4 of the Dungeon.
You worshipped Sif Muna.
Sif Muna was noncommittal.
You visited 1 branch of the dungeon, and saw 4 of its levels.
You also visited: Sewer.

You collected 87 gold pieces.

Inventory:

Hand Weapons
 f - a +0 dagger (weapon)
Armour
 a - a +0 robe (worn)
 g - a +0 pair of gloves (worn)
 s - a +0 helmet (worn)
Scrolls
 c - 3 scrolls of enchant armour {unknown}
 e - a scroll of torment {unknown}
 h - 2 scrolls of enchant weapon {unknown}
 i - a scroll of identify {unknown}
 n - a scroll of magic mapping {unknown}
 o - a scroll of fear {unknown}
 p - a scroll of brand weapon {unknown}
 q - 2 scrolls of teleportation {unknown}
 t - a scroll of blinking {unknown}
Potions
 b - 4 potions of magic
 d - a potion of might
 j - a potion of lignification {unknown}
 k - a potion of heal wounds {unknown}
 l - a potion of mutation
 r - a potion of berserk rage {unknown}


   Skills:
 + Level 3.8 Fighting
 - Level 2.6 Dodging
 - Level 2.1 Stealth
 + Level 3.9 Spellcasting
 + Level 6.0 Ice Magic


You had 5 spell levels left.
You knew the following spells:

 Your Spells              Type           Power      Damage    Failure   Level
a - Freeze                Ice            100%       1d10      1%          1
b - Frozen Ramparts       Ice            66%        1d10      4%          3
c - Ozocubu's Armour      Ice            33%        N/A       4%          3

Your spell library contained the following spells:

 Spells                   Type           Power      Damage    Failure   Level
 Summon Ice Beast         Ice/Summ       19%        N/A       43%         4


Dungeon Overview and Level Annotations

Branches:
Dungeon (4/15)              Sewer (visited)
 Temple: D:4-7

Altars:
Cheibriados
Nemelex Xobeh
Ru
Sif Muna

Annotations:
D:3 1 runed translucent door, Crazy Yiuf, Ijyb, Natasha


Innate Abilities, Weirdness & Mutations

((You are very nimble when in or above water. (Stealth+, EV+, Speed+++)))
Your lower body shifts to a powerful aquatic tail in water.
You are vulnerable to cold. (rC-)


Message History

You hit the white imp but do no damage. The white imp hits you.
The white imp freezes you.
* * * LOW HITPOINT WARNING * * *
You closely miss the white imp. The white imp misses you.
Casting: Freeze (safe; 1% risk of failure)
Confirm with . or Enter, or press ? or * to list all spells.
Aiming: Freeze (safe; 1% risk of failure)
Press: ? - help, Shift-Dir - straight line, f - white imp
Aim: a white imp You freeze the white imp.
The white imp resists.
The white imp is lightly wounded.
The white imp closely misses you.
Unknown command.
Casting: Freeze (safe; 1% risk of failure)
Confirm with . or Enter, or press ? or * to list all spells.
Aiming: Freeze (safe; 1% risk of failure)
Press: ? - help, Shift-Dir - straight line, f/p - white imp
Aim: a white imp (lightly wounded)
You freeze the white imp.
The white imp resists.
The white imp is lightly wounded.
The white imp hits you.
* * * LOW HITPOINT WARNING * * *
The white imp freezes you.
* * * LOW HITPOINT WARNING * * *
You barely miss the white imp.
The white imp is lightly wounded.
The white imp hits you.
* * * LOW HITPOINT WARNING * * *
The white imp freezes you.
* * * LOW HITPOINT WARNING * * *
Unknown command.
It was a potion of mutation.
You feel extremely strange.
You feel vulnerable to cold. The white imp closely misses you.
It was a potion of brilliance.
You feel clever all of a sudden. The white imp hits you.
* * * LOW HITPOINT WARNING * * *
The white imp freezes you.
You feel a terrible chill!
You die...

#...........#
#...........######
#####..............(.#
.....................#
.........######..[...#
.........# #......#
.........# #......#
.........# #..†...###
########## #.@5<......
#..........
[...........
§P...###...... §≈§....
...... P.§P... ......
....)## ....). .....
###


You could see a white imp.

Vanquished Creatures
  Pargi (Sewer)
  A phantom (D:4)
  A hound (D:4)
  Natasha (D:3)
  A river rat (D:3)
  3 adders
  A shadow imp (D:4)
  A worm (D:2)
  3 dart slugs
  5 orcs (D:3)
  4 bats
  5 endoplasms
  4 giant cockroaches (D:3)
  5 goblins
  6 hobgoblins
  2 kobolds
  3 quokkas
  10 ball pythons
  6 frilled lizards
  6 rats
69 creatures vanquished.

Notes
Turn   | Place    | Note
-------+----------+-------------------------------------------
     0 | D:1      | safid the Merfolk Ice Elementalist began the quest for the
                  | Orb.
     0 | D:1      | Reached XP level 1. HP: 13/13 MP: 3/3
   205 | D:1      | Reached XP level 2. HP: 20/20 MP: 3/5
   211 | D:1      | Reached skill level 1 in Fighting
   588 | D:1      | Found a faded altar of an unknown god.
   694 | D:1      | Reached XP level 3. HP: 22/26 MP: 3/6
   708 | D:1      | Learned a level 3 spell: Frozen Ramparts
  1782 | D:3      | Noticed Ijyb
  1790 | D:3      | Noticed Natasha
  1799 | D:3      | Killed Natasha
  1800 | D:3      | Reached skill level 5 in Ice Magic
  1800 | D:3      | Reached XP level 4. HP: 33/33 MP: 3/8
  1943 | D:3      | Found a glowing drain.
  1959 | Sewer    | Entered a sewer
  2046 | Sewer    | Learned a level 3 spell: Ozocubu's Armour
  2227 | Sewer    | Noticed Pargi
  2240 | Sewer    | Killed Pargi
  2241 | Sewer    | Reached XP level 5. HP: 39/41 MP: 2/10
  2797 | D:3      | Found a runed translucent door.
  2798 | D:3      | Noticed Crazy Yiuf
  2798 | D:3      | Noticed Natasha
  3294 | D:3      | Found a shimmering blue altar of Sif Muna.
  3294 | D:3      | Found a sparkling altar of Nemelex Xobeh.
  3296 | D:3      | Found a sacrificial altar of Ru.
  3296 | D:3      | Found a snail-covered altar of Cheibriados.
  3301 | D:3      | Reached XP level 6. HP: 41/47 MP: 7/11
  3305 | D:3      | Became a worshipper of Sif Muna the Loreminder
  3719 | D:4      | Reached skill level 6 in Ice Magic
  3891 | D:4      | Gained mutation: You are vulnerable to cold. (rC-) [potion
                  | of mutation]
  3892 | D:4      | Slain by a white imp

Illustrated notes

Levels and vault maps discovered:
D:1:      amcnicky_arrival_single_pillar, layout_basic,
          dreamdust_ecumenical_altar_sealed_demon, grunt_decor_arrowhead,
          minmay_misc_feat_pillars
D:2:      layout_loops_cross
D:3:      layout_basic, mainiacjoe_overflow_alcove_3, portal_sewer_entry_b,
          uniq_crazy_yiuf_cottage, uniq_ijyb, uniq_natasha
D:4:      layout_basic, nicolae_overflow_crystal_walls,
          minmay_temple_entry_glassed_door, serial_demonic, serial_demonic_f,
          serial_demonic_c, serial_demonic_c, serial_demonic_g,
          serial_demonic_c, minivault_23, hangedman_abyss_or_decor_lesser_grid

Skill      XL: |  1  2  3  4  5  6 |
---------------+-------------------+-----
Fighting       | 1 2 3 |  3.8
Ice Magic      | 5 6 |  6.0
Spellcasting   | 3 |  3.9
Dodging        | |  2.6
Stealth        | |  2.1

Action                     |  1- 3 |  4- 6 || total
---------------------------+-------+-------++-------
  Melee: Unarmed           |    13 |       ||    13
         Dagger            |    30 |    98 ||   128
         Punch             |     1 |       ||     1
   Cast: Freeze            |    52 |    44 ||    96
         Frozen Ramparts   |       |     4 ||     4
         Ozocubu's Armour  |       |     6 ||     6
    Use: Potion            |       |     3 ||     3
   Stab: Sleeping          |       |     2 ||     2
 Armour: Robe              |    18 |    36 ||    54
  Dodge: Dodged            |    59 |   106 ||   165
